 Dungeon Crawl Stone Soup version 0.28-a0-811-g00180f5fcc (webtiles) character file.

Game seed: 14136528137275861344

95 Decritt the Gusty (level 4, -2/24 HPs)
             Began as a Tengu Air Elementalist on Nov 7, 2021.
             Slain by Pargi (4 damage)
             ... on level 3 of the Dungeon.
             The game lasted 00:06:36 (3249 turns).

Decritt the Gusty (Tengu Air Elementalist)          Turns: 3249, Time: 00:06:37

Health: -2/24      AC:  3    Str:  9    XL:     4   Next: 65%
Magic:  4/9        EV: 11    Int: 16    God:
Gold:   110        SH:  0    Dex: 14    Spells: 8/9 levels left

rFire   . . .      SeeInvis .   o - +5 dagger (venom)
rCold   . . .      Faith    .   (no shield)
rNeg    . . .      Spirit   .   m - +0 leather armour
rPois   +          Reflect  .   (helmet restricted)
rElec   .          Harm     .   (no cloak)
rCorr   .          Rampage  .   (no gloves)
Will    +....                   (boots unavailable)
Stlth   ++........              (no amulet)
HPRegen 0.08/turn               c - ring of poison resistance
MPRegen 0.11/turn               g - ring of willpower

@: no status effects
A: beak, talons 3
a: no special abilities


You were on level 3 of the Dungeon.
You visited 1 branch of the dungeon, and saw 3 of its levels.

You collected 110 gold pieces.

Inventory:

Hand Weapons
 o - a +5 dagger of venom (weapon)
Missiles
 l - 12 poisoned darts (quivered)
Armour
 m - a +0 leather armour (worn)
Magical Staves
 q - a staff of cold
Jewellery
 c - a ring of poison resistance (left hand)
 g - a ring of willpower (right hand)
Scrolls
 h - a scroll of silence
 j - 2 scrolls of immolation
 r - 2 scrolls of identify
Potions
 i - a potion of heal wounds {unknown}


   Skills:
 * Level 0.4 Fighting
 - Level 2.1 Dodging
 - Level 2.0 Stealth
 - Level 3.1 Spellcasting
 + Level 2.2 Conjurations
 + Level 5.5 Air Magic


You had 8 spell levels left.
You knew the following spells:

 Your Spells              Type           Power      Damage    Failure   Level
a - Shock                 Conj/Air       56%        1d6       5%          1

Your spell library contained the following spells:

 Spells                   Type           Power      Damage    Failure   Level
 Static Discharge         Conj/Air       14%        N/A       8%          2
 Swiftness                Air            20%        N/A       9%          3
 Airstrike                Air            10%        N/A       26%         4


Dungeon Overview and Level Annotations

Branches:
Dungeon (3/15)

Altars:

Shops:
D:2 (

Annotations:
D:3 Pargi


Innate Abilities, Weirdness & Mutations

You have a beak for a mouth.
You have claws for feet.


Message History

The zap hits Pargi.
Pargi is moderately wounded.
Pargi snarls, "Go!
Away!"
Casting: Shock (safe; 5% risk of failure)
Confirm with . or Enter, or press ? or * to list all spells.
Aiming: Shock (safe; 5% risk of failure)
Press: ? - help, Shift-Dir - straight line, f/p - Pargi
Aim: Pargi (lightly wounded, 64% to hit)
The zap hits Pargi.
Pargi is moderately wounded.
Pargi hisses menacingly.
Casting: Shock (safe; 5% risk of failure)
Confirm with . or Enter, or press ? or * to list all spells.
Aiming: Shock (safe; 5% risk of failure)
Press: ? - help, Shift-Dir - straight line, f/p - Pargi
Aim: Pargi (lightly wounded, 64% to hit)
The zap hits Pargi.
Pargi is moderately wounded.
Pargi closely misses you. Pargi claws you. Pargi barely misses you.
You closely miss Pargi.
Pargi is moderately wounded.
Pargi bites you. Pargi claws you but does no damage. Pargi barely misses you.
You hit Pargi.
Pargi is poisoned.
You claw Pargi.
Pargi is moderately wounded.
Pargi bites you.
* * * LOW HITPOINT WARNING * * *
Pargi barely misses you. Pargi claws you.
* * * LOW HITPOINT WARNING * * *
You hit Pargi.
Pargi is heavily wounded.
Pargi bites you but does no damage. Pargi closely misses you.
Pargi barely misses you.
You barely miss Pargi.
Pargi is heavily wounded.
Pargi bites you.
* * * LOW HITPOINT WARNING * * *
Pargi claws you.
* * * LOW HITPOINT WARNING * * *
Pargi claws you.
You die...

#......##### ....
#...........#.....
#...##..##.......
..###................
##..........#.##.......
##....###..#....).......
#....# ##..#............
#.#..###......[<........
..$$...#.......T@.......
...........##...........
.)....................##
...........###.........#
..(........# #.........#
...........# #.........#
.........### #..........
........<# #########..
........##


You could see Pargi (very poisoned).

Vanquished Creatures
  4 gnolls (D:2)
  A worm (D:2)
  2 dart slugs
  5 ball pythons
  7 endoplasms
  A giant cockroach (D:1)
  5 hobgoblins (D:1)
  5 jackals (D:2)
  2 quokkas
  3 bats (D:1)
  4 frilled lizards (D:1)
  3 goblins (D:1)
  5 kobolds
  A rat (D:1)
48 creatures vanquished.

Notes
Turn   | Place    | Note
-------+----------+-------------------------------------------
     0 | D:1      | Decritt the Tengu Air Elementalist began the quest for the
                  | Orb.
     0 | D:1      | Reached XP level 1. HP: 10/10 MP: 4/4
   171 | D:1      | Reached XP level 2. HP: 15/15 MP: 0/6
   411 | D:1      | Found a faded altar of an unknown god.
   715 | D:1      | Reached XP level 3. HP: 19/19 MP: 5/7
  1319 | D:2      | Reached skill level 5 in Air Magic
  1978 | D:2      | Found Pots's Antique Weapon Shoppe.
  2094 | D:2      | Reached XP level 4. HP: 24/24 MP: 9/9
  2104 | D:2      | HP: 1/24 [gnoll (9)]
  3225 | D:3      | Noticed Pargi
  3249 | D:3      | Slain by Pargi

Illustrated notes

Levels and vault maps discovered:
D:1:      giann_wishing_wells, layout_loops_cross,
          shapermc_ecumenical_altar_mp_highgroup, minmay_unequal
D:2:      layout_basic, serial_shops, nicolae_shop_crystal
D:3:      layout_rooms, ebering_ghost_disaster_area, uniq_terence, uniq_pargi

Skill      XL: |  1  2  3  4 |
---------------+-------------+-----
Air Magic      | 5 |  5.5
Spellcasting   | 3 |  3.1
Conjurations   | 2 |  2.2
Fighting       | |  0.4
Dodging        | |  2.1
Stealth        | |  2.0

Action                   |  1- 3 |  4- 6 || total
-------------------------+-------+-------++-------
Melee: Club              |     8 |       ||     8
       Kick              |     3 |     3 ||     6
       Dagger            |     6 |    14 ||    20
       Peck              |     1 |     1 ||     2
Throw: Dart              |     8 |     3 ||    11
 Cast: Shock             |    78 |    14 ||    92
  Use: Scroll            |       |     6 ||     6
Armor: Robe              |     5 |       ||     5
       Leather armour    |     1 |     3 ||     4
Dodge: Dodged            |    21 |    11 ||    32

Table legend: (Time is in decaauts)
 A = Elapsed time spent in this place.
 B = Non-inter-level travel time spent in this place.
 C = Inter-level travel time spent in this place.
 D = Time resting spent in this place.
 E = Time spent auto-exploring this place.
 F = Levels seen in this place.
 G = Mean time per level.
                   A        B        C        D        E       F      G
               +--------+--------+--------+--------+--------+-----+--------+
         Total |   3250 |   3202 |     48 |    995 |   1813 |   3 | 1083.3 |
       Dungeon |   3250 |   3202 |     48 |    995 |   1813 |   3 | 1083.3 |
               +--------+--------+--------+--------+--------+-----+--------+

Top non-repeatable levels by time:
     D:1: 1767 daAuts
     D:2: 1438 daAuts
     D:3: 44 daAuts
